AoeStats
← Destreza

Arabia

509967709Analyzed
1v1 RM · 5d ago on Sep 28, 2026· 30m 40s· 2 players
Game mode
Random Map
Map size
Tiny (2 player)
Population
200
Speed
Normal
Resources
Standard
Victory
Conquest
Starting age
Dark Age
Ending age
Imperial Age
RankedLock teamsTeams togetherTeam positionsShared explorationLock speedFull tech treeHidden civsTurbo modeCheats
Victory
Defeat
🇨🇳 Maya · China
1329
+14
🇦🇷 Lithuanians · Argentina
1284
-14
Destreza
9:29 Feudal Age
7:44 Loom
10:08 Double-Bit Axe
11:18 Horse Collar
20:03 Castle Age
19:03 Gold Mining
22:57 Bow Saw
23:31 Heavy Plow
24:13 Scale Barding Armor
25:00 Bloodlines
30:27 Fletching
30:58 Chain Barding Armor
b站江条
0:26 Loom
8:49 Feudal Age
9:23 Double-Bit Axe
14:04 Horse Collar
16:13 Wheelbarrow
18:00 Fletching
22:32 Castle Age
21:53 Scale Mail Armor
21:59 Padded Archer Armor
22:02 Gold Mining
22:34 Crossbowman
23:47 Chain Mail Armor
23:48 Pikeman
27:15 Bodkin Arrow
30:15 Hand Cart
Connection lost

Rejoining the realm…

Still unreachable

The connection could not be restored.

Session expired

The server has moved on; the page needs a fresh start.